Unix NetHack Version 5.0.0-0 post-release - last build Jul 19 2026 19:10:59 (3aa4ab31751d3886436d94b585a96704892fd477,branch:main).

Game began 2026-07-20 22:24:24, ended 2026-07-20 23:04:56.

KnightLite, lawful female dwarven Archeologist

               ----
               |..---                     --         ----     --
             ---....--                  ---.-      --|..| ----.|
             |...G...|                 --....-    -.||..---....|
             |......--                --......----.. |........-        ----
             |-....--                --.........|<-  |........|        |..|
             -..#.--          |     --............| --........--       |..|
            |..-|@|           |...................---..........|       |*-
            -.- |a|            | ---.   --....................--   ----#)|
            .   -.|                -     - |...................|   |.....|
                 .-                        ----......--.|.....---  |.|)..|
                 a                           --.....-------.....----.|-..#-
                ..                           -......|  -- --.--..|..^|-..(|
                ---                         ..|.....---.--------.|.--|....----
                                             ---.|........|    |...--|.......|
                                               -----......|    |.-..|--...%..--
                                                   |^....--    |....- |.......|
                                                   -.....|     |..... ----...--
                                                    ....--     --..|..|  ---.|
                                                   -.|.--       -------     --
                                                   -----
KnightLite the Field Worker  St:15 Dx:10 Co:14 In:15 Wi:16 Ch:9  Lawful
Dlvl:9  $:0  HP:0(37) Pw:18(18) AC:-1 Xp:5 T:4981 

Latest messages:
 You miss it.
 You kill it!
 C - a scroll of identify.
 What do you want to read?
 As you read the scroll, it disappears.
 b - an uncursed bag of holding containing 15 items.
 You swap places with the peaceful gnome.
 A little dart shoots out at you!
 A little dart misses you.
 You see here 10 rocks.
 Really step onto that dart trap? [yn] (n) n
 You start digging.
 You hit the rock with all your might.
 You make an opening in the wall.
 You swap places with the peaceful gnome.
 You swap places with the peaceful dwarf.
 You stop.  The gnome is in the way!
 You materialize in a different location!
 You start digging.
 You hit the rock with all your might.
 You make an opening in the wall.
 The soldier ant bites!
 The soldier ant misses!
 The soldier ant bites!
 The soldier ant just misses!
 You hit the soldier ant.
 The soldier ant bites!
 The soldier ant stings!
 The soldier ant misses!
 The soldier ant stings!
 Are you sure you want to pray? [yn] (n) y
 You begin praying to Quetzalcoatl.
 You are surrounded by a shimmering light.
 The soldier ant starts to attack you, but pulls back.
 The soldier ant starts to attack you, but pulls back.
 The soldier ant starts to attack you, but pulls back.
 The soldier ant starts to attack you, but pulls back.
 You finish your prayer.
 You feel that Quetzalcoatl is well-pleased.
 Your pick-axe softly glows with a light blue aura.
 You hit the soldier ant.
 The soldier ant bites!
 The soldier ant stings!
 The soldier ant misses!
 The soldier ant misses!
 You miss the soldier ant.
 The soldier ant misses!
 The soldier ant stings!
 You die...
 Do you want your possessions identified? [ynq] (y) q

Inventory:
 Weapons  (')')
  a - a blessed +2 bullwhip (alternate weapon; not wielded)
 Armor    ('[')
  H - an uncursed +0 dwarvish iron helm (being worn)
  T - an uncursed +0 pair of leather gloves (being worn)
  I - an uncursed +0 pair of iron shoes (being worn)
  J - an uncursed +0 dwarvish cloak (being worn)
  Y - a blessed +1 studded leather armor (being worn)
 Rings    ('=')
  w - an uncursed +1 ring of increase damage (on left hand)
  B - an uncursed ring of poison resistance (on right hand)
 Wands    ('/')
  v - a wand of striking (0:1)
 Tools    ('(')
  b - an uncursed bag of holding containing 15 items
  h - an empty uncursed sack
  e - an uncursed lock pick
  c - a blessed +0 pick-axe (weapon in right hand)
  R - an uncursed tin whistle
  f - a tinning kit (0:92)
  U - an uncursed wax candle
 Gems/Stones  ('*')
  r - 2 uncursed worthless pieces of red glass
  g - an uncursed touchstone
 Special
 (list likely candidates)

Contents of the bag of holding:
  114 gold pieces
  an uncursed food ration
  an uncursed fortune cookie
  an uncursed lembas wafer
  an uncursed scroll of scare monster
  an uncursed scroll of taming
  a blessed potion of polymorph
  an uncursed potion of water
  a potion of holy water
  an uncursed potion of extra healing
  2 uncursed potions of paralysis
  an uncursed potion of speed
  a cursed -1 ring of gain constitution
  a magic marker (0:20)
  an uncursed sapphire

KnightLite the Archeologist's attributes:

Background:
 You were a Field Worker, a level 5 female dwarven Archeologist.
 You were lawful, on a mission for Quetzalcoatl
 who was opposed by Camaxtli (neutral) and Huhetotl (chaotic).
 You were right-handed.
 You were in the Gnomish Mines, on level 9.
 You entered the dungeon 4981 turns ago.
 It was nighttime.
 You had 283 experience points, 37 more were needed to attain level 6.

Basics:
 You had 0 out of 37 hit points.
 You had all 18 energy points (spell power).
 Your armor class was -1.
 Your wallet was empty, but
 you had 114 zorkmids stashed away in your pack.
 Autopickup was on for '0' plus thrown, with exceptions.

Final Characteristics:
 Your strength was 15 (limit:18/100).
 Your dexterity was 10 (limit:20).
 Your constitution was 14 (limit:20).
 Your intelligence was 15 (limit:16).
 Your wisdom was 16 (limit:16).
 Your charisma was 9 (limit:16).

Final Status:
 You weren't hungry.
 You were unencumbered.
 You were wielding a pick-axe.
 You were skilled in pick-axe.

Final Attributes:
 You were piously aligned.
 Your items were somewhat protected from fire.
 Your items were somewhat protected from cold.
 You were poison resistant.
 You had automatic searching.
 You had infravision.
 You were stealthy.
 You had a small damage bonus (+1).
 You had a small defense bonus (+2).
 You were warded.
 You are dead.

Miscellaneous:
 You didn't encounter any bones levels.
 Total elapsed playing time was 40 minutes and 31 seconds.

Major events:
 Turn
    1: KnightLite the lawful female dwarven Archeologist entered the dungeon
  978: attained the rank of Field Worker (level 3)
 1361: entered the Gnomish Mines
 2431: reached Mine Town
 4981: killed by a soldier ant

Spells:
 Name                 Level Category     Fail Retention
 create monster         2   clerical      99%  76%-100%

Skills:
 Fighting Skills
   bare handed combat [Unskilled]
   two weapon combat  [Unskilled]
   riding             [Unskilled]
 Weapon Skills
   dagger             [Unskilled]
   knife              [Unskilled]
   pick-axe           [Skilled]
   short sword        [Unskilled]
   saber              [Unskilled]
   club               [Unskilled]
   quarterstaff       [Unskilled]
   sling              [Unskilled]
   dart               [Unskilled]
   boomerang          [Unskilled]
   whip               [Basic]
   unicorn horn       [Unskilled]
 Spellcasting Skills
   attack spells      [Unskilled]
   healing spells     [Unskilled]
   divination spells  [Unskilled]
   matter spells      [Unskilled]

Voluntary challenges:
 Character rerolling was not enabled.
 You never genocided any monsters.
 You never polymorphed an object.
 You never changed form.
 You used no wishes.
Achievements:
 You attained the rank of Field Worker.
 You entered a shop.
 You entered the Gnomish Mines.
 You entered Minetown.
 You entered a temple.

 The Dungeons of Doom: levels 1 to 4
    Level 1:
    Level 2:
       A ring shop.
    Level 3:
       Stairs down to The Gnomish Mines.
    Level 4:
 The Gnomish Mines: levels 4 to 9
    Level 4:
    Level 5:
    Level 6:
       Many shops, a temple and an altar, some fountains.
    Level 7:
    Level 8:
    Level 9: <- You were here.
       Final resting place for
          you, killed by a soldier ant.


Vanquished creatures:
  a small mimic
  2 watchmen
  a housecat
  a dust vortex
  2 bugbears
  a mountain nymph
 an orc shaman
  a rock piercer
  a rock mole
  a pony
  a fog cloud
  2 yellow lights
  2 shriekers
  a violet fungus
  7 gnome leaders
  2 gnomish wizards
  a paper golem
  3 giant ants
  a floating eye
  2 kittens
  2 dwarves
  a rothe
  a rabid rat
  2 monkeys
  2 iguanas
 an acid blob
  2 coyotes
  a hobbit
  2 large kobolds
  5 giant rats
  3 cave spiders
  a green mold
  a red mold
 34 gnomes
  7 geckos
  3 jackals
  3 foxes
  3 kobolds
  2 goblins
  4 sewer rats
  3 grid bugs
  a bat
  2 lichens
  2 kobold zombies
  5 newts
127 creatures vanquished.

No species were genocided or became extinct.

Game over:
                       ----------
                      /          \
                     /    REST    \
                    /      IN      \
                   /     PEACE      \
                  /                  \
                  |    KnightLite    |
                  |      114 Au      |
                  |   killed by a    |
                  |   soldier ant    |
                  |                  |
                  |                  |
                  |       2026       |
                 *|     *  *  *      | *
        _________)/\\_//(\/(/\)/\//\/|_)_______

Goodbye KnightLite the Archeologist...

You died in The Gnomish Mines on dungeon level 9 with 1645 points,
and 114 pieces of gold, after 4981 moves.
You were level 5 with a maximum of 37 hit points when you died.

